 Dungeon Crawl Stone Soup version 0.30-a0-728-gc68057be0a (webtiles) character file.

Game seed: 2258751914866655265

872 hikkokomori the Carver (level 8, -3/67 HPs)
             Began as a Merfolk Gladiator on Jan 30, 2023.
             Slain by a black bear (6 damage)
             ... on level 4 of the Dungeon.
             The game lasted 00:04:51 (3478 turns).

hikkokomori the Carver (Merfolk Gladiator)          Turns: 3478, Time: 00:04:52

Health: -3/67      AC:  4    Str: 14    XL:     8   Next: 4%
Magic:  8/8        EV: 13    Int:  8    God:
Gold:   118        SH:  0    Dex: 17    Spells: 7/7 levels left

rFire   . . .      SeeInvis .    a - +0 long sword
rCold   . . .      Faith    .    (no shield)
rNeg    . . .      Spirit   .    b - +0 leather armour
rPois   .          Reflect  .    c - +0 helmet
rElec   .          Harm     .    (no cloak)
rCorr   .          Rampage  .    (no gloves)
Will    .....                    (no boots)
Stlth   ++++                     (no amulet)
HPRegen 0.31/turn                (no ring)
MPRegen 0.11/turn                (no ring)

@: no status effects
A: (nimble swimmer 2), mertail
a: no special abilities


You were on level 4 of the Dungeon.
You visited 1 branch of the dungeon, and saw 4 of its levels.

You collected 118 gold pieces.

Inventory:

Hand Weapons
 a - a +0 long sword (weapon)
 m - a +0 falchion
 q - a +3 whip
Missiles
 d - 3 throwing nets (quivered)
 e - 6 javelins
 u - 3 poisoned darts
Armour
 b - a +0 leather armour (worn)
 c - a +0 helmet (worn)
 i - a +0 buckler
Wands
 o - a wand of iceblast (8)
 r - a wand of flame (4)
Scrolls
 f - a scroll of noise {unknown}
 h - a scroll of blinking
 k - a scroll of vulnerability
 l - 2 scrolls of magic mapping
 v - a scroll of butterflies {unknown}
Potions
 g - 7 potions of curing
 j - a potion of degeneration {unknown}
 n - a potion of cancellation
 p - a potion of might
 s - 2 potions of heal wounds {unknown}
 t - a potion of magic {unknown}
 w - 2 potions of lignification {unknown}


   Skills:
 + Level 7.5 Fighting
 + Level 8.7 Long Blades
 - Level 2.0 Throwing
 - Level 4.0 Dodging
 + Level 7.8 Stealth
 - Level 6.1 Shields
 - Level 5.3 Evocations


You had 7 spell levels left.
You didn't know any spells.
Your spell library was empty.

Dungeon Overview and Level Annotations

Branches:
Dungeon (4/15)
 Temple: D:4-7

Altars:


Innate Abilities, Weirdness & Mutations

((You are very nimble when in or above water. (Stealth+, EV+, Speed+++)))
Your lower body shifts to a powerful aquatic tail in water.


Message History

You hit the black bear but do no damage.
The black bear is almost dead.
The black bear bites you but does no damage.
The black bear misses you. The black bear claws you.
The black bear closely misses you. The black bear claws you.
The black bear barely misses you.
You hit the black bear.
The black bear is almost dead.
The black bear bites you! The black bear barely misses you. x2
You are too injured to fight recklessly!
You are too injured to fight recklessly!
You are too injured to fight recklessly!
You are too injured to fight recklessly!
You are too injured to fight recklessly!
You are too injured to fight recklessly!
A black bear is nearby!
A black bear is nearby!
Unknown command.
You barely miss the black bear.
The black bear is almost dead.
The black bear completely misses you.
The black bear claws you but does no damage.
The black bear barely misses you. The black bear bites you!
The black bear claws you. The black bear barely misses you.
You closely miss the black bear.
The black bear is almost dead.
The black bear barely misses you. x2; The black bear misses you.
You closely miss the black bear.
The black bear is almost dead.
The black bear bites you.
* * * LOW HITPOINT WARNING * * *
The black bear claws you but does no damage.
The black bear claws you.
* * * LOW HITPOINT WARNING * * *
The black bear bites you!
* * * LOW HITPOINT WARNING * * *
The black bear claws you.
* * * LOW HITPOINT WARNING * * *
The black bear claws you.
You die...

#..###....†# #...#
#,.#*#.....# ###.#
#,.........# ##.##
#,,###.....# #...#
...* #.....# #...#
##>* ####### #...#
*,* ##.## *,* #.#
*,************#@#
**,,,,,,,.......h#
,,,***,,*#########
*,****,,*
,,,,,,,,*
*,****,** *,****,*
*,,,,,,* ********


You could see a black bear (berserk).

Vanquished Creatures
  Sigmund (D:3)
  A black bear (D:3)
  An orc wizard (D:4)
  Robin (D:3)
  6 adders
  4 gnolls
  2 dart slugs (D:1)
  5 orcs (D:4)
  6 ball pythons
  10 endoplasms
  A giant cockroach (D:3)
  19 goblins
  9 hobgoblins
  11 jackals
  6 kobolds
  A quokka (D:1)
  8 bats
  2 frilled lizards (D:3)
  8 rats
102 creatures vanquished.

Notes
Turn   | Place    | Note
-------+----------+-------------------------------------------
     0 | D:1      | hikkokomori the Merfolk Gladiator began the quest for the
                  | Orb.
     0 | D:1      | Reached XP level 1. HP: 16/16 MP: 1/1
   142 | D:1      | Reached skill level 1 in Stealth
   142 | D:1      | Reached XP level 2. HP: 23/23 MP: 2/2
   256 | D:1      | Reached skill level 4 in Long Blades
   336 | D:1      | Reached XP level 3. HP: 28/28 MP: 3/3
   432 | D:1      | Found a faded altar of an unknown god.
   943 | D:2      | Reached XP level 4. HP: 29/35 MP: 4/4
  1092 | D:2      | Reached skill level 1 in Shields
  1206 | D:2      | Noticed Robin
  1494 | D:3      | Killed Robin
  1604 | D:3      | Noticed a black bear
  1611 | D:3      | Killed a black bear
  1612 | D:3      | Reached skill level 5 in Long Blades
  1612 | D:3      | Reached XP level 5. HP: 22/42 MP: 5/5
  1850 | D:3      | Reached XP level 6. HP: 30/48 MP: 6/6
  2190 | D:3      | Noticed Sigmund
  2284 | D:3      | Killed Sigmund
  2853 | D:4      | Reached skill level 8 in Long Blades
  2853 | D:4      | Reached skill level 5 in Evocations
  2853 | D:4      | Reached XP level 7. HP: 60/60 MP: 7/7
  3304 | D:4      | Reached XP level 8. HP: 67/67 MP: 8/8
  3478 | D:4      | HP: 3/67 [black bear (5)]
  3478 | D:4      | Slain by a black bear

Illustrated notes

Levels and vault maps discovered:
D:1:      onia_arrival_handbag, layout_loops_ring,
          chequers_ecumenical_altar_simple
D:2:      layout_basic, item_on_display_a, uniq_robin
D:3:      layout_basic, minmay_diced_spiral, uniq_sigmund
D:4:      layout_loops_cross

Skill      XL: |  1  2  3  4  5  6 |
---------------+-------------------+-----
Stealth        | 1 2 3 7 |  7.8
Long Blades    | 4 5 8 |  8.7
Fighting       | 3 7 |  7.5
Shields        | 1 2 6 |  6.1
Evocations     | 5 |  5.3
Throwing       | |  2.0
Dodging        | |  4.0

Action                     |  1- 3 |  4- 6 |  7- 9 || total
---------------------------+-------+-------+-------++-------
  Melee: Long sword        |    76 |   157 |    62 ||   295
         Punch             |     1 |       |       ||     1
  Throw: Javelin           |       |     1 |       ||     1
  Evoke: Wand              |       |     3 |       ||     3
    Use: Potion            |     2 |     1 |       ||     3
         Scroll            |       |     4 |     1 ||     5
   Stab: Sleeping          |     8 |     3 |     7 ||    18
 Armour: Leather armour    |    13 |    45 |    20 ||    78
  Dodge: Dodged            |    53 |   156 |    51 ||   260

Table legend: (Time is in decaauts)
 A = Elapsed time spent in this place.
 B = Non-inter-level travel time spent in this place.
 C = Inter-level travel time spent in this place.
 D = Time resting spent in this place.
 E = Time spent auto-exploring this place.
 F = Levels seen in this place.
 G = Mean time per level.
                   A        B        C        D        E       F      G
               +--------+--------+--------+--------+--------+-----+--------+
         Total |   3521 |   3418 |    103 |    315 |   2304 |   4 |  880.2 |
       Dungeon |   3521 |   3418 |    103 |    315 |   2304 |   4 |  880.2 |
               +--------+--------+--------+--------+--------+-----+--------+

Top non-repeatable levels by time:
     D:3: 1633 daAuts
     D:1: 729 daAuts
     D:4: 627 daAuts
     D:2: 530 daAuts
